[Event "NOR-ch Women 2020"]
[Site "Bergen"]
[Date "2020.02.28"]
[Round "1.6"]
[White "Mork, Ramona"]
[Black "Kvendseth, Thyra"]
[Result "1/2-1/2"]
[ECO "C47"]
[WhiteElo "1750"]
[BlackElo "1889"]
[Annotator "NA RC"]
[PlyCount "73"]
[EventDate "2020.02.28"]
[EventType "swiss"]
[EventCountry "NOR"]
[SourceTitle "playchess.com"]
[Source "ChessBase"]
[SourceQuality "1"]
[TimeControl "5400+30"]

1. e4 e5 2. Nf3 Nc6 3. d4 exd4 4. Nxd4 Nf6 5. Nc3 Bb4 6. Nxc6 bxc6 7. Bd3 d5 8. exd5 cxd5 9. O-O O-O 10. Bg5 c6 11. Qf3 Be7 12. h3 Be6 13. Ne2 c5 {[%emt 0:08:57] [#] C47: Scotch Four Knights and Four Knights with 4 g3.} 14. b3 $146 ({Predecessor:} 14. c3 h6 15. Bf4 Re8 16. Rfe1 Qd7 17. Be5 Qb7 18. c4 Nd7 19. Bc3 Rab8 20. cxd5 Bxd5 21. Qf5 g6 22. Qg4 h5 23. Qg3 Be4 24. Bxe4 Qxe4 25. Rad1 Nf6 26. Nf4 Qf5 27. Rxe7 Rxe7 28. Nd5 {1-0 (28) Noritsyn,N (2425)-Bojkov,D (2544) Montreal 2011}) 14... c4 15. Bf5 Qd7 16. Nd4 g6 17. Bxe6 fxe6 18. Qe2 Ne4 19. Bxe7 $1 Qxe7 20. bxc4 Qf6 21. Nf3 Nc3 22. Qe5 dxc4 23. Rfe1 Rae8 24. Re3 Nd5 25. Re4 c3 26. Rb1 Nf4 27. Qxf6 Rxf6 28. Ne5 Rd8 29. Ng4 (29. Ra4 $16 Ra8 30. Rb7) 29... Rff8 30. Rb7 Rd4 $1 31. Nh6+ $18 (31. Rxd4 $14 Ne2+ {[%mdl 64] Double Attack} 32. Kf1 Nxd4 33. Ne3) 31... Kh8 32. Rxd4 Ne2+ 33. Kf1 Nxd4 34. Nf7+ Kg8 35. Nh6+ Kh8 36. Nf7+ Kg8 37. Nh6+ 1/2-1/2

[Event "NOR-ch Women 2020"]
[Site "Bergen"]
[Date "2020.02.29"]
[Round "2.3"]
[White "Kvendseth, Thyra"]
[Black "Skaslien, Ingrid"]
[Result "1/2-1/2"]
[ECO "D13"]
[WhiteElo "1889"]
[BlackElo "1847"]
[Annotator "NA RC"]
[PlyCount "153"]
[EventDate "2020.02.28"]
[EventType "swiss"]
[EventCountry "NOR"]
[SourceTitle "playchess.com"]
[Source "ChessBase"]
[SourceQuality "1"]
[TimeControl "5400+30"]

1. c4 c6 2. Nc3 d5 3. cxd5 cxd5 4. d4 e6 5. Nf3 Nc6 6. Bf4 Nf6 7. e3 a6 8. Rc1 Bd7 9. Bd3 {[%emt 0:02:26] D13: Slav Defence: Exchange variation without ...Bf5.} Be7 10. O-O Nh5 11. Be5 O-O 12. Nd2 g6 {[%emt 0:03:18] [#]} 13. g4 $146 ({Predecessor:} 13. Bg3 Nxg3 14. hxg3 b5 15. Nb3 Rc8 16. e4 dxe4 17. Bxe4 Bg5 18. Rc2 Nb4 19. Re2 {½-½ (42) Mladenov,I (2222)-Vasilev,M (2429) Sunny Beach 2006}) 13... Nxe5 14. dxe5 Ng7 15. Nb3 Qb8 16. f4 f6 17. exf6 Bxf6 18. Nc5 Bc6 19. g5 (19. Qd2 $15) 19... Be7 20. Nb3 Qa7 21. Qe2 ({Only move:} 21. Nd4 $15) 21... e5 ({Black should try} 21... Nh5 $17 22. Rf2 {[#]} e5 $1 23. fxe5 Rxf2 24. Qxf2 Rf8) 22. fxe5 Bxg5 23. Nd4 Rfe8 24. Qf3 Rf8 ({Black should try} 24... Qb8 $1 $15) 25. Qg3 Bh6 26. Qh3 Bg5 27. Qg3 Bh6 28. Rce1 Nh5 29. Qg4 Rxf1+ 30. Bxf1 Rf8 31. Bg2 Qc5 32. Ne6 Bd7 33. Nxc5 Bxg4 34. Bxd5+ Kh8 35. Bxb7 Re8 36. Nd3 ({But not} 36. Bxa6 Rxe5 37. N5e4 Bf5 $16) 36... a5 37. Ne4 Re7 38. Nd6 Ng7 39. Nf4 Nf5 40. Bc6 Nxe3 41. Rxe3 Bxf4 42. Re4 g5 43. Bd5 Kg7 44. Nc4 Bf3 45. Rd4 Rd7 46. Rxf4 Bxd5 47. Rd4 Rc7 48. Rxd5 Rxc4 49. Rb5 a4 50. Kf2 a3 51. bxa3 Rc2+ 52. Kg3 Rxa2 53. Rb3 Re2 54. Rb5 Re3+ 55. Kg4 h6 56. Ra5 Kf7 $11 (56... Kg6 $5 57. Ra6+ $8 Kg7 $14) 57. h3 Ke6 58. Ra6+ Kxe5 59. Rxh6 Rxa3 60. Rg6 Ra1 61. Kxg5 Rg1+ 62. Kh5 Rh1 63. h4 Kf5 64. Rg8 Kf6 65. Rg2 Rf1 66. Kh6 Kf7 67. h5 Re1 68. Rg4 Re5 69. Rg7+ Kf6 70. Rb7 Rd5 71. Rb6+ Kf7 72. Rb2 Kg8 73. Rb7 Rd6+ 74. Kg5 Rd5+ 75. Kf6 Rd6+ 76. Kg5 Rd5+ 77. Kf6 1/2-1/2

[Event "NOR-ch Women 2020"]
[Site "Bergen"]
[Date "2020.02.29"]
[Round "2.4"]
[White "Johnsen, Sylvia"]
[Black "Mork, Ramona"]
[Result "1-0"]
[ECO "A25"]
[WhiteElo "1862"]
[BlackElo "1750"]
[Annotator "NA RC"]
[PlyCount "117"]
[EventDate "2020.02.28"]
[EventType "swiss"]
[EventCountry "NOR"]
[SourceTitle "playchess.com"]
[Source "ChessBase"]
[SourceQuality "1"]
[TimeControl "5400+30"]

1. c4 Nf6 2. Nc3 e5 3. g3 Bc5 4. Bg2 Nc6 5. d3 h6 6. e3 {[%emt 0:02:16] A25: English Opening vs King's Indian with ...Nc6 but without early d3.} O-O 7. Nge2 {[%emt 0:00:08] [#]} Ne7 $146 ({Predecessor:} 7... Re8 8. O-O Bf8 9. h3 d6 10. e4 Nd4 11. Nxd4 exd4 12. Ne2 c5 13. b4 Nd7 {1-0 (57) Bartel,M (2599)-Sagit,R (2404) Plovdiv 2010}) 8. d4 exd4 $1 9. exd4 Bb4 10. O-O Bxc3 11. Nxc3 d5 12. c5 c6 13. b4 Bf5 14. Re1 Qd7 15. a4 Rfe8 16. b5 Ng6 17. Be3 Re7 18. Qb3 Rae8 19. a5 (19. Bd2 $11) 19... Ng4 $2 {[%emt 0:05:56] [#]} (19... Bh3 $1 $15 {keeps the upper hand.} 20. Bh1 a6 21. bxc6 bxc6) 20. Bd2 (20. a6 $142 $1) 20... h5 {[%emt 0:06:55] [#]} (20... Bd3 $14) 21. h4 $2 (21. a6 $1 $18) 21... Rxe1+ 22. Rxe1 Rxe1+ 23. Bxe1 Qe7 24. Bd2 Nxh4 25. bxc6 bxc6 26. Qb8+ ({But not} 26. gxh4 $6 Qc7 $18) 26... Kh7 27. gxh4 Qxh4 28. Qg3 Qf6 29. Ne2 h4 30. Qf4 Nh6 31. Qg5 Qxg5 32. Bxg5 h3 33. Bf1 Ng8 (33... Bd3 $142 34. Bxh6 Kxh6) 34. Kh2 f6 35. Bf4 Ne7 36. Bb8 Bd3 37. Bxa7 g5 38. Kxh3 Nf5 $18 39. Ng3 Bxf1+ 40. Nxf1 Nxd4 41. Bb6 Nb5 42. a6 Kg6 43. a7 Nxa7 44. Bxa7 Kf5 45. Kg3 Ke4 46. f3+ Kd3 47. Kf2 d4 48. Ng3 Kc2 49. Nf5 d3 50. Bb6 Kc3 51. Bd8 Kc4 52. Bxf6 Kxc5 53. Ke3 Kc4 54. Kd2 Kd5 55. Bxg5 Ke5 56. Ne3 c5 57. Kxd3 Ke6 58. f4 Kf7 59. Kc4 1-0

[Event "NOR-ch Women 2020"]
[Site "Bergen"]
[Date "2020.02.29"]
[Round "3.1"]
[White "Machlik, Monika"]
[Black "Stanford, Sheila Barth"]
[Result "0-1"]
[ECO "D85"]
[WhiteElo "2106"]
[BlackElo "2145"]
[Annotator "ChessBase"]
[PlyCount "166"]
[EventDate "2020.02.28"]
[EventType "swiss"]
[EventCountry "NOR"]
[SourceTitle "playchess.com"]
[Source "ChessBase"]
[SourceQuality "1"]
[TimeControl "5400+30"]

1. d4 Nf6 2. c4 g6 3. Nc3 d5 4. cxd5 Nxd5 5. Na4 Bg7 6. e4 Nb6 7. Be3 O-O 8. Nf3 Bg4 9. Nc5 Nc6 10. Nxb7 Qb8 11. Ba6 Bxf3 12. gxf3 Nb4 13. Nc5 Bxd4 14. Bxd4 Rd8 15. O-O Nxa6 16. Nxa6 Qc8 17. Qe2 Rxd4 18. Rac1 c6 19. Nc5 Qh3 20. Nb3 Rd6 21. e5 Rd5 22. Rxc6 Nd7 23. f4 g5 24. Rc3 Qf5 25. Qf3 e6 26. fxg5 Qxg5+ 27. Kh1 Nxe5 28. Qe4 Ng6 29. Rg3 Qf5 30. Qxf5 Rxf5 31. Rc3 Rd8 32. Rc5 Rxc5 33. Nxc5 Rd2 34. Na4 Ne5 35. Kg2 Nd3 36. Kf3 Nxb2 37. Nxb2 Rxb2 38. Ra1 a5 39. a4 Rb4 40. Ra3 Kg7 41. Kg3 Kg6 42. Kg2 f5 43. Re3 Kf6 44. Rh3 Rxa4 45. Rxh7 Rg4+ 46. Kf3 Rg7 47. Rh4 Ra7 48. Ra4 Ke5 49. h4 Kf6 50. Ke3 e5 51. Kf3 Kg6 52. Kg3 Ra6 53. Kf3 Kh5 54. Ke3 Kg6 55. Kf3 Kf6 56. Ke3 Ra8 57. Kf3 Ke6 58. Ke3 Kd5 59. Kd3 e4+ 60. Kc3 Ke5 61. Kd2 Kf4 62. Ke2 Ra6 63. f3 Re6 64. Rxa5 exf3+ 65. Kf2 Re2+ 66. Kf1 Rh2 67. Ra8 Rxh4 68. Kf2 Rh2+ 69. Kf1 Rb2 70. Ra7 Rd2 71. Ra8 f2 72. Ra7 Kg4 73. Ra8 f4 74. Ra7 Kg3 75. Ra3+ Kg4 76. Ra8 Rd1+ 77. Kxf2 Rd2+ 78. Kf1 Kg3 79. Ra1 Rh2 80. Ra8 Rh1+ 81. Ke2 f3+ 82. Ke3 Re1+ 83. Kd2 f2 0-1

[Event "NOR-ch Women 2020"]
[Site "Bergen"]
[Date "2020.02.29"]
[Round "3.2"]
[White "Skaslien, Ingrid"]
[Black "Johnsen, Sylvia"]
[Result "0-1"]
[ECO "E20"]
[WhiteElo "1847"]
[BlackElo "1862"]
[Annotator "NA"]
[PlyCount "56"]
[EventDate "2020.02.28"]
[EventType "swiss"]
[EventCountry "NOR"]
[SourceTitle "playchess.com"]
[Source "ChessBase"]
[SourceQuality "1"]
[TimeControl "5400+30"]

1. d4 d5 2. c4 e6 3. Nc3 Bb4 4. e3 Nf6 5. Bd2 dxc4 6. Bxc4 O-O 7. Nge2 b6 8. a3 Bd6 9. O-O e5 10. d5 $11 (10. dxe5 $16 Bxe5 11. f4) 10... e4 11. Ng3 Qe7 12. Qc2 Bxg3 13. hxg3 Ba6 14. Bxa6 Nxa6 15. b4 Rad8 16. Rac1 Rfe8 17. Qa4 Nb8 18. Qxa7 Qe5 19. Rfd1 Ng4 20. Ne2 Qxd5 21. Qxc7 Qh5 22. Qf4 g5 23. Qf5 Re5 24. Bc3 Qh2+ 25. Kf1 Nxe3+ 26. Ke1 Nxg2+ 27. Kf1 Ne3+ 28. Ke1 Rxd1+ 0-1

[Event "NOR-ch Women 2020"]
[Site "Bergen"]
[Date "2020.02.29"]
[Round "3.3"]
[White "Dolzhikova, Olga"]
[Black "Nordquelle, Amelia"]
[Result "1-0"]
[ECO "B22"]
[WhiteElo "2149"]
[BlackElo "1768"]
[Annotator "ChessBase"]
[PlyCount "65"]
[EventDate "2020.02.28"]
[EventType "swiss"]
[EventCountry "NOR"]
[SourceTitle "playchess.com"]
[Source "ChessBase"]
[SourceQuality "1"]
[TimeControl "5400+30"]

1. e4 c5 2. c3 d5 3. exd5 Qxd5 4. d4 Nf6 5. Nf3 e6 6. Bd3 Nc6 7. a3 cxd4 8. cxd4 Be7 9. Nc3 Qd8 10. O-O O-O 11. Be3 a6 12. Qe2 b5 13. Rad1 Qc7 14. Bb1 Rd8 15. Rfe1 Bb7 16. Ng5 h6 17. Nge4 Nxe4 18. Nxe4 Bf8 19. Qc2 g6 20. d5 exd5 21. Nf6+ Kh8 22. Nxd5 Qa5 23. Bd2 b4 24. Nf4 Qc5 25. Nxg6+ fxg6 26. Qxg6 Rd7 27. Bc3+ Qxc3 28. bxc3 Ne5 29. Qf6+ Rg7 30. Qxe5 Bxg2 31. Rd7 Bh3+ {[%emt 0:03:44] Re7 Rf7 Rxf7+ Bg7} 32. Rxg7 Bxg7 33. Qe4 1-0

[Event "NOR-ch Women 2020"]
[Site "Bergen"]
[Date "2020.02.29"]
[Round "3.4"]
[White "Kyrkjebo, Marte B."]
[Black "Kvendseth, Thyra"]
[Result "0-1"]
[ECO "B07"]
[WhiteElo "1887"]
[BlackElo "1889"]
[Annotator "NA"]
[PlyCount "128"]
[EventDate "2020.02.28"]
[EventType "swiss"]
[EventCountry "NOR"]
[SourceTitle "playchess.com"]
[Source "ChessBase"]
[SourceQuality "1"]
[TimeControl "5400+30"]

1. e4 g6 2. d4 Bg7 3. Nc3 d6 4. Be3 Nf6 5. Qd2 e5 6. dxe5 {[%emt 0:07:35] B07: Pirc Defence: Miscellaneous Systems.} dxe5 7. Qxd8+ Kxd8 8. O-O-O+ Nbd7 9. Bc4 Ke7 {[%emt 0:06:42] [#]} 10. Bg5 $146 ({Predecessor:} 10. Nb5 Ne8 11. Nh3 a6 12. Nc3 Ndf6 13. f4 Bxh3 14. gxh3 Bh6 15. Kb1 Bxf4 16. Bxf4 exf4 {1-0 (36) Kopinits,A (2247)-Tarmastin,L (1744) Austria 2013}) 10... c6 11. f3 Nb6 12. Bb3 h6 13. Be3 Nbd7 14. Nge2 Re8 15. Rd2 Kf8 16. Rhd1 Kg8 17. Na4 Bf8 18. a3 b5 19. Nac3 a5 20. Ng3 Nc5 21. Ba2 b4 22. Nb1 Ba6 23. Rf2 Kg7 24. Nd2 bxa3 25. bxa3 Red8 26. Nb1 Rdb8 27. Ne2 Na4 28. Bb3 $17 Nc5 29. Ba2 Rb7 30. Nec3 Rab8 31. Kd2 g5 32. Ke1 Nh5 33. g3 Nf6 34. h3 Nh5 35. Rg2 Nd7 36. Kf2 Nb6 37. Kg1 Nc4 38. Bc1 Bc5+ 39. Kh2 Bd4 40. Re1 Kh7 41. Kh1 Ng7 42. Bxc4 Bxc4 43. Bd2 Rb2 44. Rc1 Ne6 45. Be1 Be3 46. Bd2 Bd4 47. Be1 Nc5 48. Bf2 Be6 49. Bg1 Bxh3 50. Rd2 Bxc3 51. Nxc3 Nb3 52. Rcd1 Nxd2 53. Rxd2 Be6 54. Be3 R8b7 55. Na4 Rb1+ 56. Kg2 Rd7 57. Rf2 Rdd1 58. Re2 Bc4 59. Rd2 Rxd2+ 60. Bxd2 Bb5 61. Nc5 Rb2 62. Kg1 Rxc2 63. Be3 Rc3 64. Kf2 Rxa3 0-1

[Event "NOR-ch Women 2020"]
[Site "Bergen"]
[Date "2020.02.29"]
[Round "3.5"]
[White "Greibrokk, Ingrid"]
[Black "Kyrkjebo, Hanna B."]
[Result "1/2-1/2"]
[ECO "A25"]
[WhiteElo "1862"]
[BlackElo "1957"]
[Annotator "ChessBase"]
[PlyCount "137"]
[EventDate "2020.02.28"]
[EventType "swiss"]
[EventCountry "NOR"]
[SourceTitle "playchess.com"]
[Source "ChessBase"]
[SourceQuality "1"]
[TimeControl "5400+30"]

1. c4 e5 2. Nc3 Nf6 3. g3 Nc6 4. Bg2 Bc5 5. e3 d6 6. Nge2 O-O 7. O-O Bb6 8. b3 Ne7 9. Ba3 c6 10. d4 Re8 11. c5 dxc5 12. dxe5 Nfd5 13. Ne4 Ng6 14. Nxc5 Nxe5 15. Ne4 Bg4 16. h3 Bf3 17. Rc1 Bxg2 18. Kxg2 Bxe3 19. Rc2 Qb6 20. N2c3 Nxc3 21. Rxc3 Bd4 22. Rc2 Ng6 23. Nd6 Red8 24. Qf3 Qc7 25. Nb5 Qe5 26. Nxd4 Qxd4 27. Re1 Qd5 28. Qxd5 Rxd5 29. Rce2 f6 30. Re8+ Rxe8 31. Rxe8+ Kf7 32. Rb8 Rd7 33. h4 Ne7 34. Bxe7 Rxe7 35. Kf3 Kg6 36. Ra8 b6 37. Rc8 c5 38. a4 Re1 39. Rc7 Rb1 40. Rxa7 Rxb3+ 41. Ke4 Ra3 42. Ra6 Rb3 43. Kd5 Rb4 44. a5 Rd4+ 45. Kc6 bxa5 46. Rxa5 c4 47. Ra4 Kf5 48. Kc5 Ke5 49. Ra2 Re4 50. Rc2 Kf5 51. Rc3 Ke5 52. f3 Re2 53. Rxc4 Re3 54. Rf4 g6 55. Kc6 h6 56. Kd7 g5 57. hxg5 hxg5 58. Rb4 Rxf3 59. Ke7 f5 60. Rb5+ Ke4 61. Kf6 g4 62. Re5+ Kd3 63. Rxf5 Rxg3 64. Kg5 Rg1 65. Re5 g3 66. Kg4 Kd2 67. Kf3 g2 68. Re2+ Kd1 69. Rxg2 1/2-1/2

[Event "NOR-ch Women 2020"]
[Site "Bergen"]
[Date "2020.02.29"]
[Round "3.6"]
[White "Mork, Ramona"]
[Black "Hansen, Erle Andrea Marki"]
[Result "0-1"]
[ECO "A08"]
[WhiteElo "1750"]
[BlackElo "1860"]
[Annotator "NA"]
[PlyCount "54"]
[EventDate "2020.02.28"]
[EventType "swiss"]
[EventCountry "NOR"]
[SourceTitle "playchess.com"]
[Source "ChessBase"]
[SourceQuality "1"]
[TimeControl "5400+30"]

1. e4 c5 2. Nf3 Nc6 3. d3 d5 4. Nbd2 Nf6 5. g3 e5 6. Bg2 Be7 7. O-O O-O 8. a4 h6 9. Re1 d4 10. Nc4 Qc7 11. h3 Be6 12. g4 Nh7 13. Qe2 a6 14. Ncd2 b5 15. Nf1 c4 16. Bd2 Rfb8 17. axb5 axb5 18. Ng3 Nb4 19. Bxb4 Bxb4 20. Rf1 Rc8 21. Nh4 Nf8 22. Nhf5 cxd3 23. cxd3 Rxa1 24. Rxa1 Qc2 25. Re1 Bxe1 26. Ne7+ Kh7 27. Qxe1 Qc1 0-1

[Event "NOR-ch Women 2020"]
[Site "Bergen"]
[Date "2020.03.01"]
[Round "4.1"]
[White "Stanford, Sheila Barth"]
[Black "Dolzhikova, Olga"]
[Result "0-1"]
[ECO "B06"]
[WhiteElo "2145"]
[BlackElo "2149"]
[Annotator "NA"]
[PlyCount "142"]
[EventDate "2020.02.28"]
[EventType "swiss"]
[EventCountry "NOR"]
[SourceTitle "playchess.com"]
[Source "ChessBase"]
[SourceQuality "1"]
[TimeControl "5400+30"]

1. e4 g6 2. d4 Bg7 3. Nf3 d6 4. h3 Nd7 5. Bc4 Nb6 6. Bb3 {[%emt 0:01:26] B06: Modern Defence.} Nf6 7. Qe2 {[%emt 0:01:23] [#]} d5 $146 {[%emt 0:09:12] [#]} ({Predecessor:} 7... c6 8. O-O O-O 9. c3 d5 10. Nbd2 a5 11. a4 Qc7 12. Re1 c5 13. e5 Ne8 14. dxc5 Qxc5 15. Nd4 Be6 16. N2f3 Bd7 17. Bg5 Nc4 18. Bxc4 dxc4 19. Nd2 Rc8 20. Ne4 {1-0 (20) Leventic,I (2490)-Popchev,M (2476) Neum 2005}) 8. exd5 $1 Nbxd5 9. O-O O-O 10. c4 Nb6 11. Rd1 c6 12. Bf4 Bf5 13. Nc3 h6 (13... a5 $16) 14. Ne5 g5 15. Bh2 Qc8 16. Re1 Re8 17. Rad1 Nbd7 18. g4 Bh7 {[%emt 0:12:10] [#]} 19. f4 $1 gxf4 20. Bxf4 c5 21. d5 Nxe5 22. Bxe5 h5 23. g5 Qxh3 24. Qg2 Qxg2+ 25. Kxg2 Ng4 26. Bxg7 Kxg7 27. Kg3 Kf8 (27... Kh8 $11) 28. Rd2 $14 f6 29. Ba4 Red8 30. gxf6 exf6 31. Ne4 Bxe4 32. Rxe4 Kf7 33. Bd1 f5 34. Rf4 Kg6 35. Bc2 Rf8 36. Re2 Kg5 37. Rf1 f4+ 38. Kf3 Rae8 39. Rfe1 Re3+ 40. Rxe3 fxe3+ 41. Ke2 Rf2+ 42. Kd3 Ne5+ 43. Kc3 e2 44. d6 Kf6 45. Be4 Ke6 46. b3 b6 47. Kd2 Kxd6 48. Rh1 Rf1 49. Kxe2 Rxh1 50. Bxh1 Ng4 51. Be4 Ke5 52. Bg6 h4 53. Kf3 Nf6 54. Ke3 h3 55. Kf3 Kd4 56. Kg3 Kc3 57. Kxh3 Kb2 58. Kh4 Kxa2 59. Kg5 Nd7 60. Kf5 Kxb3 61. Be8 Nb8 62. Ke5 Kxc4 63. Kd6 b5 64. Kc7 Na6+ 65. Kb7 Nb4 66. Kxa7 Nd5 67. Bg6 b4 68. Ka6 b3 69. Ka5 b2 70. Bh7 Nc3 71. Bg8+ Kd4 0-1

[Event "NOR-ch Women 2020"]
[Site "Bergen"]
[Date "2020.03.01"]
[Round "4.2"]
[White "Johnsen, Sylvia"]
[Black "Machlik, Monika"]
[Result "1/2-1/2"]
[ECO "B11"]
[WhiteElo "1862"]
[BlackElo "2106"]
[Annotator "ChessBase"]
[PlyCount "91"]
[EventDate "2020.02.28"]
[EventType "swiss"]
[EventCountry "NOR"]
[SourceTitle "playchess.com"]
[Source "ChessBase"]
[SourceQuality "1"]
[TimeControl "5400+30"]

1. e4 c6 2. Nc3 d5 3. Nf3 Bg4 4. h3 Bxf3 5. Qxf3 e6 6. d3 Nd7 7. Bd2 Bc5 8. g4 Qf6 9. Bg2 Qxf3 10. Bxf3 Ne7 11. a3 Ng6 12. h4 Bd6 13. d4 dxe4 14. Nxe4 Bc7 15. O-O-O Nb6 16. h5 Nf4 17. h6 g6 18. Nf6+ Kd8 19. g5 Nfd5 20. Nxd5 cxd5 21. b3 Bd6 22. a4 Rc8 23. Rh3 Rc7 24. a5 Nc8 25. Kb2 Ne7 26. Be2 Nf5 27. c3 Kc8 28. a6 b6 29. Bd3 Ne7 30. f4 Nc6 31. Bb5 Ne7 32. c4 Kb8 33. Rd3 Rcc8 34. Rc1 Nf5 35. b4 dxc4 36. Bxc4 Ne7 37. Kb3 Rc7 38. b5 Rhc8 39. Rcc3 Nd5 40. Bxd5 Rxc3+ 41. Rxc3 Rxc3+ 42. Kxc3 exd5 43. Kd3 Kc7 44. Ke3 Kd7 45. Kf3 Ke6 {[%emt 0:00:22] Ke4 Ke5+} 46. Kg4 1/2-1/2

[Event "NOR-ch Women 2020"]
[Site "Bergen"]
[Date "2020.03.01"]
[Round "4.3"]
[White "Kvendseth, Thyra"]
[Black "Greibrokk, Ingrid"]
[Result "1-0"]
[ECO "A24"]
[WhiteElo "1889"]
[BlackElo "1862"]
[Annotator "NA"]
[PlyCount "135"]
[EventDate "2020.02.28"]
[EventType "swiss"]
[EventCountry "NOR"]
[SourceTitle "playchess.com"]
[Source "ChessBase"]
[SourceQuality "1"]
[TimeControl "5400+30"]

1. c4 e5 2. Nc3 Nf6 3. g3 g6 4. Bg2 Bg7 5. d3 O-O 6. Nf3 Re8 {[%emt 0:00:28] 6...Nc6 gains popularity.} 7. O-O c6 {[%emt 0:01:08] A24: English Opening vs King's Indian: Lines without ...Nc6.} 8. e4 d5 9. cxd5 cxd5 {[%emt 0:00:05] [#]} 10. Qb3 $146 ({Predecessor:} 10. Bg5 d4 11. Nd5 Be6 12. Nd2 Nbd7 13. Rc1 Bxd5 14. exd5 h6 15. Bxf6 Nxf6 16. Qb3 {1-0 (23) Boger,R-Nilsen,K Randaberg 1991}) 10... d4 11. Ne2 Qe7 12. Bd2 Nc6 13. Nh4 Be6 14. Qd1 Nd7 15. f4 f6 16. f5 Bf7 17. fxg6 hxg6 18. Kh1 Nc5 19. Rf3 Ne6 20. Ng1 Rac8 21. Nh3 Rc7 (21... Nb4 $17 22. Qa4 Nc2) 22. Qe2 Rec8 23. Rff1 Nb4 24. a3 Nc2 25. Rac1 b5 26. Nf2 b4 27. axb4 Nxb4 28. Bxb4 (28. Rxc7 $15 Rxc7 29. Bh3) 28... Qxb4 29. Rxc7 Rxc7 30. Ng4 Rb7 ({Better is} 30... Rc6 $17 31. Qf3 (31. Nxf6+ $2 Bxf6 32. Rxf6 Nf4 $17 {[%mdl 64] Discovered Attack}) 31... Ng5) 31. Nxf6+ Bxf6 32. Rxf6 Qxb2 33. Qg4 $1 Kg7 $2 {[%emt 0:02:00] [#]} (33... Qc1+ $11 {and Black has nothing to worry.} 34. Rf1 Qg5) 34. Rf1 (34. Nf5+ $1 $18 Kf8 35. Nh4) 34... Qd2 (34... Qa2 $1 $14) 35. Nf5+ Kg8 {[%emt 0:02:12] [#]} 36. Nd6 ({White should play} 36. h4 $1 $16 Rb6 37. Ne7+ {[%mdl 64] Double Attack} Kg7 38. Nd5 (38. Qf3 Nd8 $16)) 36... Rb2 37. Rg1 a5 $2 (37... Qg5 $11 38. Qh3 Qh5) 38. Qf3 $2 (38. Nc4 $18 Qe2 39. Qh4 (39. Nxe5 Qxg4 40. Nxg4 a4 $17)) 38... Ng5 $2 (38... Qf2 $11 {and Black stays safe.}) 39. Qf6 a4 40. h4 a3 41. hxg5 Qf2 42. Qxf2 Rxf2 43. Nxf7 Kxf7 44. Rb1 Rb2 45. Ra1 a2 46. Kh2 $1 Ke7 $11 (46... Ke6 $5) 47. Kh3 Kd6 48. Bf3 Kc5 49. Bg4 Kb4 50. Be6 Ka3 51. Bf7 Rf2 52. Be6 Rb2 53. Kg4 Rf2 54. Bc4 Rb2 55. Bf7 Rf2 56. Bxg6 Rf8 57. Bf5 Kb2 58. Rxa2+ Kxa2 59. Be6+ Kb2 60. g6 Kc3 61. g7 Re8 62. g8=Q Rxg8+ 63. Bxg8 Kxd3 64. Kf3 Kc2 65. Bc4 Kc3 66. Ba6 d3 67. Bxd3 Kxd3 68. g4 {[%emt 0:00:05] Kxe4+ Kxe4} 1-0

[Event "NOR-ch Women 2020"]
[Site "Bergen"]
[Date "2020.03.01"]
[Round "4.4"]
[White "Hansen, Erle Andrea Marki"]
[Black "Skaslien, Ingrid"]
[Result "0-1"]
[ECO "C41"]
[WhiteElo "1860"]
[BlackElo "1847"]
[Annotator "NA"]
[PlyCount "96"]
[EventDate "2020.02.28"]
[EventType "swiss"]
[EventCountry "NOR"]
[SourceTitle "playchess.com"]
[Source "ChessBase"]
[SourceQuality "1"]
[TimeControl "5400+30"]

1. e4 d6 2. d4 Nf6 3. Nc3 Nbd7 4. Bc4 e5 5. Nf3 Be7 6. h3 c6 {[%emt 0:00:55] was the old line (6...0-0).} 7. Be3 {[%emt 0:03:30] C41: Philidor Defence.} b5 8. Bd3 a6 {[%emt 0:01:18] [#]} 9. Ne2 $146 ({Predecessor:} 9. O-O Qc7 10. Ne2 c5 11. dxe5 dxe5 12. c3 h6 13. Ng3 Nf8 14. a4 Rb8 15. Qe2 {½-½ (49) Prado,A (1831)-Alarcon,P (1906) Tromsoe 2014}) 9... Qc7 10. c3 c5 11. d5 c4 12. Bc2 Nc5 13. Ng3 O-O 14. b4 cxb3 15. axb3 Bd7 16. O-O Rfc8 17. Nd2 a5 18. c4 Na6 19. Bd3 $11 b4 20. f4 Nc5 21. Bc2 exf4 22. Bxf4 Ne8 23. Nf5 Bxf5 24. exf5 Bf6 25. Ra2 Be5 26. Be3 Nf6 27. g4 g6 28. Qb1 Re8 29. g5 Nh5 30. Nf3 Bg3 31. Bd4 Nf4 32. fxg6 hxg6 33. Bd1 Ne4 34. Nh2 Nxh3+ 35. Kg2 Nhxg5 36. Ng4 Be5 37. Nh6+ Kg7 38. Be3 f5 39. Nxf5+ gxf5 40. Rxf5 Bf6 41. Qc1 Kg6 42. Bg4 Qe7 43. Kg1 Rh8 44. Rg2 Rag8 45. Qf1 Kf7 46. Bd4 Rh6 47. Rxg5 Nxg5 48. Qf5 Qe1+ 0-1

[Event "NOR-ch Women 2020"]
[Site "Bergen"]
[Date "2020.03.01"]
[Round "4.6"]
[White "Nordquelle, Amelia"]
[Black "Eiding, Amanda Mai Irgens"]
[Result "1-0"]
[ECO "E14"]
[WhiteElo "1768"]
[BlackElo "1605"]
[Annotator "NA RC"]
[PlyCount "55"]
[EventDate "2020.02.28"]
[EventType "swiss"]
[EventCountry "NOR"]
[SourceTitle "playchess.com"]
[Source "ChessBase"]
[SourceQuality "1"]
[TimeControl "5400+30"]

1. d4 d5 2. c4 c6 3. Nf3 Nf6 4. Nc3 e6 5. e3 Nbd7 6. Qc2 Be7 7. b3 O-O 8. Be2 b6 9. O-O Bb7 10. Bb2 c5 11. cxd5 Nxd5 12. Nxd5 Bxd5 13. Bd3 h6 14. e4 Bb7 15. Rad1 cxd4 16. Bb5 Rc8 17. Qb1 Nc5 18. Bxd4 Qc7 19. Be5 Bxe4 20. Qb2 Qb7 21. Bxg7 Na6 22. Rd7 Rc7 23. Bxa6 Qxa6 24. Rxc7 Re8 25. Bxh6 f6 26. Rxe7 Rxe7 27. Qxf6 Qb7 28. Ng5 1-0

[Event "NOR-ch Women 2020"]
[Site "Bergen"]
[Date "2020.03.01"]
[Round "5.3"]
[White "Machlik, Monika"]
[Black "Skaslien, Ingrid"]
[Result "1-0"]
[ECO "D36"]
[WhiteElo "2106"]
[BlackElo "1847"]
[Annotator "ChessBase"]
[PlyCount "59"]
[EventDate "2020.02.28"]
[EventType "swiss"]
[EventCountry "NOR"]
[SourceTitle "playchess.com"]
[Source "ChessBase"]
[SourceQuality "1"]
[TimeControl "5400+30"]

1. d4 Nf6 2. c4 e6 3. Nc3 d5 4. cxd5 exd5 5. Bg5 Be7 6. e3 O-O 7. Bd3 c6 8. Qc2 Nbd7 9. Nf3 Re8 10. O-O h6 11. Bf4 Nh5 12. Nxd5 Nxf4 13. Nxf4 Bd6 14. Ne2 Nb6 15. Bh7+ Kh8 16. Bf5 Qf6 17. Bxc8 Raxc8 18. Nc3 Qe6 19. e4 Bb4 20. Rfe1 Qc4 21. Rad1 Bxc3 22. Qxc3 Qb5 23. Ne5 Kg8 24. b3 Rcd8 25. f4 Re7 26. a4 Qa6 27. f5 Rde8 28. f6 gxf6 29. Ng4 Nd7 30. Nxh6+ 1-0